Map: Galactic Process LE

Players

Fropez - Winner!

  • Race: Protoss Protoss
  • League: Gold
  • Spawn Location: 1:00

EaJaHa

  • Race: Terran Terran
  • League: Gold
  • Spawn Location: 7:00

VOD

Have the link to the VOD?

Description

Time

  • Played on: Sept. 9, 2016, 7:33 p.m.
  • Length: 16:41
Show
View Real Time Build Order
Export as new Build Order

Fropez Protoss - Winner!

Build Orders:  

Get SALT Encoding   

  12  0:01  Probe (Chrono Boost)  
  13  0:15  Pylon  
  13  0:18  Probe (Chrono Boost)  
  14  0:29  Probe (Chrono Boost)  
  14  0:35  Gateway  
  15  0:40  Probe (Chrono Boost)  
  16  0:46  Assimilator  
  16  0:50  Probe (Chrono Boost)  
  17  1:06  Pylon  
  17  1:09  Probe (Chrono Boost)  
  18  1:20  Probe (Chrono Boost)  
  19  1:27  Cybernetics Core  
  19  1:30  Probe (Chrono Boost)  
  19  1:41  Probe (Chrono Boost)  
  19  1:44  Assimilator  
  21  2:00  Nexus  
  20  2:12  Pylon  
  20  2:14  Pylon  
  20  2:18  Mothership Core (Chrono Boost)  
  20  2:21  Warp Gate (Chrono Boost)  
  22  2:28  Adept  
  24  2:39  Probe  
  25  2:51  Probe  
  26  2:55  Pylon  
  26  3:00  Adept  
  26  3:03  Probe  
  29  3:11  Gateway  
  29  3:15  Probe x2  
  31  3:25  Probe  
  31  3:27  Adept  
  31  3:33  Pylon  
  34  3:37  Probe  
  35  3:46  Probe  
  36  3:55  Probe  
  37  4:00  Gateway  
  37  4:02  Probe  
  37  4:07  Pylon  
  38  4:13  Probe  
  38  4:14  Pylon  
  38  4:15  Probe  
  40  4:28  Probe  
  40  4:29  Robotics Facility  
  43  4:36  Probe  
  42  4:41  Pylon  
  42  4:43  Probe  
  43  4:51  Probe  
  44  4:55  Probe  
  45  5:00  Assimilator  
  45  5:02  Assimilator  
  45  5:04  Probe  
  46  5:08  Probe  
  46  5:10  Gateway  
  46  5:13  Pylon  
  47  5:17  Immortal (Chrono Boost)  
  51  5:21  Twilight Council  
  51  5:27  Probe  
  51  5:28  Pylon, Probe  
  53  5:39  Probe  
  53  5:41  Adept  
  53  5:42  Adept x2  
  60  5:50  Probe  
  60  5:52  Resonating Glaives (Chrono Boost)  
  60  5:54  Immortal (Chrono Boost)  
  60  5:56  Forge  
  65  6:04  Stalker  
  65  6:06  Stalker  
  65  6:09  Probe, Stalker  
  65  6:10  Probe  
  73  6:28  Immortal  
  73  6:29  Adept x2  
  73  6:30  Adept  
  83  6:34  Protoss Ground Weapons Level 1 (Chrono Boost)  
  83  6:50  Probe  
  83  6:54  Probe  
  85  6:56  Adept x3  
  91  7:07  Immortal  
  77  7:35  Pylon  
  69  7:38  Adept x3  
  69  7:39  Adept  
  65  8:08  Gateway  
  65  8:16  Dark Shrine  
  65  8:19  Pylon  
  65  8:20  Probe x2  
  65  8:22  Adept x4  
  75  8:31  Immortal  
  75  8:32  Probe  
  80  8:34  Protoss Ground Weapons Level 2 (Chrono Boost)  
  80  8:49  Probe  
  81  9:03  Nexus  
  81  9:08  Pylon  
  81  9:14  Adept x4  
  81  9:15  Probe  
  81  9:16  Probe  
  91  9:17  Immortal  
  95  9:31  Probe x2, Robotics Facility  
  97  9:37  Robotics Bay  
  97  9:38  Pylon  
  97  9:40  Adept x4  
  105  9:54  Probe  
  105  9:57  Probe  
  107  10:09  Assimilator  
  107  10:13  Assimilator  
  107  10:14  Pylon  
  107  10:15  Pylon  
  107  10:18  Dark Templar  
  107  10:19  Pylon, Dark Templar x4  
  117  10:21  Pylon  
  108  10:32  Mothership Core (Chrono Boost)  
  102  10:49  Immortal x2 (Chrono Boost)  
  80  11:10  Adept  
  80  11:11  Adept x4  
  84  11:19  Observer Gravitic Boosters  
  82  11:28  Observer x2 (Chrono Boost), Archon x2  
  83  11:43  Dark Templar  
  83  11:44  Dark Templar  
  84  12:06  Archon  
  78  12:19  Dark Templar x2  
  79  12:31  Pylon  
  79  12:33  Pylon  
  79  12:36  Pylon  
  79  12:39  Nexus  
  79  12:48  Nexus  
  78  12:55  Dark Templar x2  
  78  12:56  Dark Templar  
  84  13:14  Probe x2  
  84  13:18  Pylon  
  82  13:39  Stalker x4  
  82  13:40  Stalker  
  92  13:48  Gateway  
  92  13:49  Gateway  
  92  13:51  Gateway  
  92  13:53  Gateway  
  92  13:56  Gateway  
  92  13:57  Gateway  
  92  14:05  Assimilator  
  92  14:08  Assimilator  
  92  14:14  Probe  
  92  14:16  Probe  
  94  14:18  Adept x4  
  94  14:19  Adept  
  104  14:40  Dark Templar x4  
  112  14:57  Dark Templar  
  110  15:38  Dark Templar x3  
  116  15:47  Probe  
  116  15:48  Probe x2  
  119  16:05  Dark Templar  
  119  16:07  Zealot x2  
  119  16:08  Zealot x5  
  123  16:34  Stalker x2  
  123  16:36  Zealot x4  
  123  16:37  Zealot x4  
Show
View Real Time Build Order
Export as new Build Order

EaJaHa Terran 

Build Orders:  

Get SALT Encoding   

  12  0:01  SCV  
  13  0:13  SCV  
  14  0:19  Supply Depot  
  14  0:25  SCV  
  15  0:29  Refinery  
  15  0:41  SCV  
  16  0:48  Barracks  
  16  0:53  SCV  
  17  1:05  SCV  
  18  1:13  Barracks  
  18  1:20  SCV  
  19  1:36  Marine, Supply Depot  
  21  1:45  Orbital Command  
  20  1:56  Marine  
  21  2:03  Factory  
  21  2:09  Refinery  
  21  2:11  SCV  
  21  2:14  Marine  
  21  2:15  Marine  
  24  2:23  SCV  
  25  2:30  Supply Depot  
  25  2:37  Marine x2  
  25  2:38  SCV  
  28  2:51  Starport  
  28  2:53  Hellion  
  28  2:57  Barracks Reactor  
  28  2:58  Barracks Reactor  
  30  3:03  SCV  
  31  3:09  Supply Depot  
  31  3:15  SCV, Hellion  
  34  3:27  SCV  
  34  3:31  Engineering Bay  
  35  3:37  Marine x2  
  35  3:38  Supply Depot  
  37  3:47  Marine  
  37  3:48  Marine  
  39  3:51  Hellion  
  41  3:55  Medivac  
  41  4:00  SCV  
  44  4:12  Marine x4, SCV  
  49  4:17  Factory Tech Lab  
  49  4:26  Supply Depot  
  49  4:29  Starport Tech Lab  
  49  4:31  Marine x2  
  49  4:32  Marine  
  49  4:34  Marine  
  49  4:38  SCV  
  54  4:48  Siege Tank  
  54  4:51  Supply Depot  
  57  4:57  Viking  
  57  4:59  Marine x2  
  61  5:00  Marine  
  61  5:01  Marine  
  63  5:07  Terran Infantry Weapons Level 1  
  63  5:14  Supply Depot  
  63  5:20  Marine x2  
  63  5:21  Marine x2  
  67  5:28  Siege Tank  
  70  5:33  SCV  
  71  5:40  Banshee  
  71  5:42  Marine  
  75  5:44  Marine  
  76  5:54  Marine x2  
  78  6:02  Marine  
  79  6:18  Supply Depot  
  79  6:40  Marine x4, SCV, Siege Tank  
  87  7:13  SCV  
  86  7:23  Banshee  
  64  7:43  Marine x4  
  55  7:45  Siege Tank  
  41  8:05  Banshee  
  44  8:19  SCV  
  45  8:26  Terran Infantry Armor Level 1  
  45  8:29  Marine  
  45  8:30  Marine x2  
  48  8:43  Marine  
  48  8:46  Siege Tank  
  52  8:48  Banshee  
  55  9:02  Cloaking Field  
  55  9:17  Marine  
  55  9:18  Marine x3  
  59  9:31  Banshee  
  59  9:32  Siege Tank  
  65  9:39  SCV  
  66  10:03  Orbital Command  
  66  10:10  Marine x2  
  66  10:11  Marine x2  
  69  10:33  Marine x2  
  69  10:35  Marine  
  69  10:43  Refinery  
  37  11:20  Marine x2  
  37  11:21  Marine x2  
  37  11:22  Siege Tank  
  37  11:23  Banshee  
  47  11:31  SCV  
  48  11:38  Marine x2  
  50  11:41  Marine x2  
  50  11:43  SCV  
  53  11:54  Siege Tank  
  56  12:17  Marine  
  56  12:18  Marine x3  
  57  12:26  Siege Tank  
  57  12:27  Banshee  
  57  12:28  SCV  
  64  12:35  Marine x2  
  64  12:36  Marine x2  
  68  12:54  Marine x2  
  68  12:55  Marine x2  
  72  13:10  SCV  
  72  13:11  Refinery  
  48  13:44  Marine x2  
  48  13:45  Marine x2  
  48  13:46  Siege Tank  
  48  13:48  Banshee  
  58  13:49  SCV  
  59  14:06  Barracks  
  59  14:08  Barracks  
  59  14:10  Barracks  
  59  14:12  Barracks  
  59  14:18  SCV  
  59  14:22  Siege Tank  
  63  14:44  Marine x4  
  65  15:01  Marine x2  
  65  15:02  Marine x4  
  54  15:19  Marine x2  
  53  15:30  Marine  
  56  15:36  Marine  
  56  15:37  Marine  
  58  15:48  Marine  
  57  15:54  Marine x2  
  46  16:06  Marine  
  46  16:12  Marine x2  
Tags
 
League
GoldGold
Matchup
PvT
Replay Pack
All Mines
Spawn Locations
Cross Positions
Add a new tag
Caveats
  • Supply blocks, unpowered buildings, or Contaminate may cause inaccurate times.
  • Supply counts are checked every 10 seconds.